Map: New Gettysburg LE

Players

Fropez

  • Race: Protoss Protoss
  • League: Gold
  • Spawn Location: 7:00

Enigma - Winner!

  • Race: Zerg Zerg
  • League: Gold
  • Spawn Location: 5:00

VOD

Have the link to the VOD?

Description

Time

  • Played on: Nov. 1, 2016, 5:16 p.m.
  • Length: 16:53
Show
View Real Time Build Order
Export as new Build Order

Fropez Protoss 

Build Orders: 1 Gate Expand 

Get SALT Encoding   

  12  0:02  Probe (Chrono Boost)  
  13  0:14  Pylon  
  13  0:19  Probe (Chrono Boost)  
  14  0:29  Probe (Chrono Boost)  
  15  0:37  Gateway  
  15  0:40  Probe (Chrono Boost)  
  16  0:52  Probe (Chrono Boost)  
  17  1:03  Probe (Chrono Boost)  
  18  1:09  Gateway  
  18  1:17  Probe (Chrono Boost)  
  19  1:26  Pylon  
  19  1:29  Probe (Chrono Boost)  
  20  1:43  Nexus  
  20  1:55  Cybernetics Core  
  20  1:57  Assimilator  
  20  2:17  Pylon  
  20  2:18  Pylon  
  20  2:19  Probe (Chrono Boost)  
  21  2:27  Assimilator  
  21  2:30  Probe (Chrono Boost)  
  21  2:35  Adept (Chrono Boost)  
  24  2:43  Adept (Chrono Boost)  
  26  2:59  Probe  
  27  3:11  Probe  
  26  3:12  Probe  
  26  3:17  Adept (Chrono Boost)  
  29  3:24  Mothership Core  
  31  3:40  Adept (Chrono Boost)  
  30  3:48  Pylon  
  30  3:53  Probe  
  30  3:54  Probe  
  32  3:59  Warp Gate (Chrono Boost)  
  32  4:04  Probe  
  32  4:06  Probe  
  32  4:19  Gateway  
  32  4:22  Pylon  
  32  4:26  Twilight Council  
  32  4:30  Probe  
  32  4:31  Probe  
  33  4:37  Pylon  
  34  4:39  Pylon  
  34  4:42  Pylon  
  34  4:43  Adept x2, Probe x2  
  40  4:54  Probe  
  40  4:55  Probe  
  42  5:05  Pylon  
  42  5:06  Resonating Glaives (Chrono Boost)  
  42  5:07  Adept  
  42  5:10  Adept  
  42  5:12  Adept  
  48  5:27  Probe  
  48  5:28  Probe  
  48  5:33  Assimilator  
  50  5:35  Gateway  
  43  5:52  Probe  
  43  5:53  Probe  
  45  6:02  Probe  
  46  6:05  Probe  
  47  6:13  Probe  
  48  6:25  Probe  
  48  6:26  Probe  
  48  6:28  Assimilator  
  48  6:39  Probe, Stalker x4  
  52  6:40  Probe  
  54  6:52  Probe, Gateway  
  54  6:53  Probe  
  54  6:54  Gateway  
  54  6:56  Pylon  
  54  7:02  Probe  
  55  7:11  Robotics Facility  
  55  7:12  Dark Shrine  
  55  7:14  Gateway  
  55  7:20  Stalker x2  
  55  7:21  Gateway, Stalker  
  55  7:22  Stalker  
  63  7:24  Gateway  
  63  7:25  Probe  
  63  7:26  Probe  
  65  7:35  Probe  
  66  7:38  Pylon, Probe  
  66  7:41  Pylon  
  67  7:44  Pylon  
  67  7:46  Blink (Chrono Boost)  
  65  7:59  Stalker x3  
  65  8:03  Adept x2  
  75  8:10  Adept  
  77  8:13  Probe  
  77  8:15  Warp Prism (Chrono Boost)  
  80  8:32  Adept x4  
  80  8:33  Adept  
  88  8:54  Stalker x4  
  96  9:00  Probe  
  96  9:01  Probe  
  98  9:09  Nexus  
  98  9:33  Adept x2  
  98  9:34  Adept x6  
  114  9:47  Pylon  
  114  9:55  Pylon  
  88  11:05  Adept x3  
  88  11:06  Adept x6  
  100  11:19  Assimilator  
  100  11:39  Stalker x5  
  110  11:40  Stalker x4  
  93  12:15  Stalker x2  
  93  12:16  Stalker x5  
  107  12:38  Nexus  
  107  12:39  Pylon  
  107  12:43  Pylon  
  107  12:45  Pylon  
  107  12:48  Pylon  
  95  13:06  Adept x7  
  95  13:07  Adept  
  107  13:20  Probe  
  107  13:22  Probe  
  109  13:31  Probe  
  109  13:34  Probe  
  111  13:36  Forge  
  111  13:37  Gateway  
  77  14:32  Dark Templar x4  
  77  14:33  Dark Templar x2  
  77  14:35  Photon Cannon  
  89  14:42  Assimilator  
  89  14:46  Assimilator  
  88  15:21  Stalker x5  
  76  15:22  Stalker x2  
  64  15:30  Dark Templar  
  30  16:03  Dark Templar x3  
  28  16:18  Stalker  
  26  16:43  Pylon  
Show
View Real Time Build Order
Export as new Build Order

Enigma Zerg - Winner!

Build Orders: Pool First 

Get SALT Encoding   

  12  0:02  Drone  
  13  0:13  Overlord  
  13  0:19  Drone  
  14  0:31  Drone  
  14  0:32  Drone  
  14  0:35  Drone  
  17  0:46  Drone  
  18  0:58  Spawning Pool  
  17  1:15  Extractor, Drone x2  
  18  1:45  Zergling x6  
  21  1:50  Queen  
  22  2:04  Zergling x2  
  22  2:13  Hatchery  
  21  2:19  Zergling x2  
  21  2:21  Overlord  
  22  2:36  Overlord  
  22  2:48  Hatchery  
  20  3:21  Drone x4  
  20  3:22  Drone x2  
  25  3:38  Zergling x6  
  27  3:45  Zergling x2  
  28  4:03  Metabolic Boost  
  28  4:06  Drone  
  28  4:07  Drone x4  
  31  4:14  Drone x2  
  33  4:26  Queen x2  
  37  4:38  Drone x4  
  41  4:46  Extractor  
  41  4:51  Roach Warren  
  39  4:55  Zergling x2  
  39  4:56  Zergling x4  
  42  5:14  Drone x2  
  42  5:15  Drone x6  
  42  5:17  Overlord  
  46  5:45  Roach x5  
  55  5:56  Overlord x2, Zergling x2  
  55  5:57  Overlord x4  
  54  6:01  Lair  
  54  6:10  Spine Crawler  
  53  6:11  Spine Crawler  
  53  6:14  Spine Crawler  
  53  6:15  Spine Crawler  
  53  6:17  Spine Crawler  
  53  6:18  Zergling x2, Spine Crawler  
  46  6:36  Zergling x2  
  46  6:37  Zergling x16  
  53  6:55  Drone  
  53  6:56  Drone x6  
  53  6:57  Drone x2  
  62  7:09  Drone  
  62  7:10  Drone x2  
  62  7:14  Extractor x2  
  63  7:16  Extractor  
  63  7:17  Extractor  
  63  7:18  Glial Reconstitution  
  63  7:19  Spire  
  60  7:26  Evolution Chamber  
  60  7:27  Evolution Chamber  
  57  7:35  Ravager x4  
  60  7:58  Roach x2  
  61  8:00  Zergling x2  
  61  8:01  Drone x3  
  61  8:02  Drone x6  
  61  8:03  Drone x5  
  61  8:04  Drone x2  
  78  8:30  Zerg Melee Weapons Level 1  
  78  8:33  Zerg Ground Armor Level 1  
  76  8:55  Zergling x6  
  77  8:56  Zergling x30  
  94  9:05  Baneling Nest  
  90  9:21  Zergling x2  
  90  9:22  Zergling x16  
  99  9:33  Drone x5  
  104  9:46  Hatchery  
  104  9:47  Drone x3  
  106  9:56  Overlord x3  
  106  9:57  Overlord x5  
  102  10:35  Zergling x2  
  100  10:36  Mutalisk x6  
  100  10:37  Mutalisk x6  
  100  10:38  Mutalisk  
  126  10:48  Centrifical Hooks  
  109  11:03  Mutalisk  
  109  11:04  Mutalisk x4  
  114  11:12  Drone x2  
  114  11:13  Drone  
  117  11:22  Drone x2  
  117  11:23  Drone x2  
  120  11:37  Drone x2, Roach x2  
  126  12:12  Roach x4  
  126  12:13  Roach x6  
  146  12:21  Zerg Melee Weapons Level 2  
  146  12:36  Queen  
  148  12:37  Drone x3  
  148  12:38  Drone x2  
  152  13:03  Roach x2  
  152  13:04  Roach x5  
  152  13:05  Roach  
  167  13:06  Overlord  
  167  13:11  Drone  
  167  13:23  Queen  
  167  13:26  Queen  
  171  13:30  Baneling x4  
  171  13:31  Baneling x6  
  171  13:32  Baneling x7  
  171  13:33  Baneling x2  
  171  13:36  Drone x2  
  171  13:37  Drone  
  174  13:42  Extractor  
  174  13:43  Extractor  
  174  13:46  Zerg Missile Weapons Level 1  
  172  13:53  Infestation Pit  
  172  13:55  Hydralisk Den  
  148  14:38  Hydralisk  
  148  14:39  Hydralisk x5  
  148  14:41  Hydralisk x3, Roach x2  
  148  14:42  Roach  
  168  14:46  Zergling x4  
  168  14:48  Drone  
  171  14:57  Zergling x2  
  171  14:58  Zergling x4  
  164  15:34  Zergling x2  
  146  15:51  Overseer x3  
  146  15:52  Overseer x3  
  146  16:01  Spore Crawler  
  146  16:03  Spore Crawler  
  146  16:04  Spore Crawler x2  
  143  16:05  Spore Crawler x2  
  143  16:07  Spore Crawler  
  143  16:10  Spine Crawler  
  138  16:16  Roach x3  
Tags
 
Add a new tag
Caveats
  • Supply blocks, unpowered buildings, or Contaminate may cause inaccurate times.
  • Supply counts are checked every 10 seconds.